 Dungeon Crawl Stone Soup version 0.30-a0-347-gf58ed5266c (webtiles) character file.

Game seed: 15653753037658377590

270 MTVSty1e the Chopper (level 6, -2/56 HPs)
             Began as a Minotaur Fighter on Nov 5, 2022.
             Slain by an ogre
             ... wielding a +0 giant spiked club
              (14 damage)
             ... on level 4 of the Dungeon.
             The game lasted 00:03:01 (2686 turns).

MTVSty1e the Chopper (Minotaur Fighter)             Turns: 2686, Time: 00:03:01

Health: -2/56      AC:  8    Str: 22    XL:     6   Next: 1%
Magic:  5/5        EV:  9    Int:  5    God:
Gold:   200        SH:  4    Dex: 10    Spells: 5/5 levels left

rFire   . . .      SeeInvis .    t - +0 broad axe
rCold   . . .      Faith    .    c - +0 buckler
rNeg    . . .      Spirit   .    b - +0 scale mail
rPois   .          Reflect  .    (helmet restricted)
rElec   .          Harm     .    (no cloak)
rCorr   .          Rampage  .    (no gloves)
Will    .....                    e - +0 pair of boots
Stlth   ..........               (no amulet)
HPRegen 0.29/turn                d - +4 ring of slaying
MPRegen 0.09/turn                (no ring)

@: no status effects
A: horns 2, retaliatory headbutt
a: no special abilities


You were on level 4 of the Dungeon.
You visited 1 branch of the dungeon, and saw 4 of its levels.

You collected 200 gold pieces.

Inventory:

Hand Weapons
 a - a +0 war axe
 g - a +0 flail of draining
 t - a +0 broad axe (weapon)
Armour
 b - a +0 scale mail (worn)
 c - a +0 buckler (worn)
 e - a +0 pair of boots (worn)
 p - an orb of guile
Jewellery
 d - a +4 ring of slaying (left hand)
Scrolls
 h - a scroll of identify
 l - 3 scrolls of teleportation
Potions
 f - a potion of heal wounds {unknown}
 i - 2 potions of attraction {unknown}
 j - a potion of brilliance {unknown}
 m - a potion of berserk rage {unknown}
 o - 3 potions of invisibility
 r - a potion of lignification {unknown}
 s - a potion of haste {unknown}


   Skills:
 + Level 5.5 Fighting
 * Level 6.4 Axes
 - Level 3.6 Armour
 - Level 3.6 Shields


You had 5 spell levels left.
You didn't know any spells.
Your spell library contained the following spells:

 Spells                   Type           Power      Damage    Failure   Level
 Beastly Appendage        Tmut           0%         N/A       88%         1
 Passwall                 Tmut/Erth      0%         N/A       95%         2
 Wereblood                Tmut           0%         N/A       95%         2
 Kindle Blastsparks       Fire/Tloc/Air  0%         2d10      99%         3
 Spider Form              Tmut/Pois      0%         N/A       99%         3
 Fulminant Prism          Conj/Hex       0%         3d5       100%        4
 Iskenderun's Mystic Bla  Conj/Tloc      0%         2d3       100%        4
 Lee's Rapid Deconstruct  Erth           0%         3d4*      100%        5
 Statue Form              Tmut/Erth      0%         N/A       100%        6
 Shatter                  Erth           0%         3d5*      100%        9


Dungeon Overview and Level Annotations

Branches:
Dungeon (4/15)
 Temple: D:4-7

Altars:
Elyvilon
Hepliaklqana

Annotations:
D:4 1 runed translucent door, Vorhees's ghost, novice DjIE


Innate Abilities, Weirdness & Mutations

You have a pair of horns on your head.
You reflexively headbutt those who attack you in melee.


Message History

No target in view!
No target in view!
No target in view!
No target in view!
No target in view!
No target in view!
Found a runed translucent door.
Key pressed, stopping explore.
No target in view!
Vorhees's ghost turns its malevolent gaze towards you.
Vorhees's ghost shouts, "You will join me soon!"
Edmund the Younger comes into view.
He is wielding a +2 flail of protection and carrying a wand of digging (5).
Edmund shouts!
An ogre comes into view. It is wielding a +0 giant spiked club.
Edmund hits you with a +2 flail of protection.
You barely miss Edmund. Edmund closely misses you. You furiously retaliate!
You headbutt Edmund. Edmund hits you but does no damage.
You slash Edmund!
Edmund is moderately wounded.
Edmund hits you with a +2 flail of protection.
You slash Edmund!
Edmund is heavily wounded.
Edmund hits you with a +2 flail of protection.
You slash Edmund! Your headbutt misses Edmund.
Edmund is almost dead.
Edmund hits you with a +2 flail of protection!
Edmund hits you with a +2 flail of protection.
You hit Edmund.
Edmund is almost dead.
Edmund hits you with a +2 flail of protection!
You are too injured to fight recklessly!
You are too injured to fight recklessly!
You closely miss Edmund. You headbutt Edmund.
Edmund is almost dead.
Edmund hits you with a +2 flail of protection!
* * * LOW HITPOINT WARNING * * *
You slice Edmund!!
You kill Edmund!
The ogre hits you with a +0 giant spiked club!
You die...

..# ..#
#.# #.#
#.# #.#
#O# #@#
#.# #.#
######.#
#......#
#.######
#.## #..#
#######.#


You could see an ogre.

Vanquished Creatures
  Edmund (D:4)
  A phantom (D:4)
  Blork the orc (D:4)
  6 adders
  A worm (D:3)
  A dart slug (D:2)
  2 orcs
  10 ball pythons
  5 endoplasms
  2 giant cockroaches
  8 goblins
  7 hobgoblins
  6 jackals
  3 quokkas
  5 bats
  2 frilled lizards
  9 kobolds
  3 rats
73 creatures vanquished.

Vanquished Creatures (others)
  6 plants (D:2)
6 creatures vanquished.

Grand Total: 79 creatures vanquished

Notes
Turn   | Place    | Note
-------+----------+-------------------------------------------
     0 | D:1      | MTVSty1e the Minotaur Fighter began the quest for the Orb.
     0 | D:1      | Reached XP level 1. HP: 19/19 MP: 0/0
    39 | D:1      | Reached skill level 3 in Axes
    83 | D:1      | Reached XP level 2. HP: 21/27 MP: 1/1
   247 | D:1      | Found a faded altar of an unknown god.
   364 | D:1      | Reached XP level 3. HP: 25/33 MP: 2/2
   663 | D:2      | Reached skill level 4 in Axes
   887 | D:2      | Got the Octavo of Excavation
   917 | D:2      | Reached XP level 4. HP: 41/41 MP: 3/3
  1272 | D:3      | Found a white marble altar of Elyvilon.
  1588 | D:3      | Reached skill level 5 in Axes
  1861 | D:3      | Found a hazy altar of Hepliaklqana.
  2343 | D:4      | Noticed Blork the orc
  2343 | D:4      | Noticed a phantom
  2426 | D:4      | Killed Blork the orc
  2427 | D:4      | Reached skill level 5 in Fighting
  2427 | D:4      | Reached XP level 5. HP: 17/48 MP: 4/4
  2575 | D:4      | Killed a phantom
  2576 | D:4      | Reached skill level 6 in Axes
  2602 | D:4      | Reached XP level 6. HP: 56/56 MP: 5/5
  2655 | D:4      | Found a runed translucent door.
  2657 | D:4      | Noticed Vorhees's ghost (novice DjIE)
  2676 | D:4      | Noticed Edmund
  2686 | D:4      | Killed Edmund
  2686 | D:4      | Slain by an ogre

Illustrated notes

Levels and vault maps discovered:
D:1:      shiori_arrival_maze, layout_rooms,
          hellmonk_ecumenical_altar_prayer_group, chequers_serial_rivers_micro_e
D:2:      layout_basic, eino_curves_03, serial_bayou_lake_a
D:3:      layout_basic, mainiacjoe_overflow_catwalk,
          mainiacjoe_overflow_alcove_2, kennysheep_nub
D:4:      layout_loops_ring, gammafunk_ghost_grave, serial_shops, shop,
          uniq_blork_the_orc, uniq_edmund

Skill      XL: |  1  2  3  4  5 |
---------------+----------------+-----
Axes           | 3 4 5 6 |  6.4
Fighting       | 4 5 |  5.5
Armour         | |  3.6
Shields        | |  3.6

Action                   |  1- 3 |  4- 6 || total
-------------------------+-------+-------++-------
Melee: War axe           |    79 |    42 ||   121
       Headbutt          |    15 |    12 ||    27
       Broad axe         |       |    29 ||    29
  Use: Scroll            |       |     7 ||     7
       Potion            |       |     1 ||     1
Armor: Scale mail        |    42 |    32 ||    74
Dodge: Dodged            |    42 |    19 ||    61
Block: Buckler           |    23 |     8 ||    31

Table legend: (Time is in decaauts)
 A = Elapsed time spent in this place.
 B = Non-inter-level travel time spent in this place.
 C = Inter-level travel time spent in this place.
 D = Time resting spent in this place.
 E = Time spent auto-exploring this place.
 F = Levels seen in this place.
 G = Mean time per level.
                   A        B        C        D        E       F      G
               +--------+--------+--------+--------+--------+-----+--------+
         Total |   2774 |   2684 |     90 |    271 |   1930 |   4 |  693.5 |
       Dungeon |   2774 |   2684 |     90 |    271 |   1930 |   4 |  693.5 |
               +--------+--------+--------+--------+--------+-----+--------+

Top non-repeatable levels by time:
     D:3: 1213 daAuts
     D:2: 740 daAuts
     D:1: 601 daAuts
     D:4: 219 daAuts
